Map: Disco Bloodbath LE

Players

Reynor - Winner!

  • Race: Zerg Zerg
  • Spawn Location: 3:00

Serral

  • Race: Zerg Zerg
  • Spawn Location: 9:00

Event: 2019 WCS Global FInals

VOD

Have the link to the VOD?

Description

Time

  • Played on: Nov. 1, 2019, 9:59 p.m.
  • Length: 26:49

All games in this series

Show
View Real Time Build Order
Export as new Build Order

Reynor Zerg - Winner!

Build Orders: Hatch First, Lurkers 

Get SALT Encoding   

  12  0:00  Drone  
  13  0:12  Overlord  
  13  0:17  Drone  
  14  0:30  Drone x2  
  16  0:47  Hatchery  
  15  0:51  Drone  
  15  0:54  Drone  
  17  0:58  Drone  
  18  1:08  Extractor  
  17  1:13  Spawning Pool  
  17  1:16  Drone  
  17  1:19  Drone  
  18  1:28  Drone  
  19  1:38  Drone  
  20  1:48  Overlord  
  20  1:59  Drone x2, Queen x2  
  26  2:10  Drone x2  
  26  2:12  Metabolic Boost  
  28  2:20  Drone  
  28  2:21  Drone  
  30  2:31  Hatchery  
  30  2:34  Drone  
  30  2:36  Drone  
  31  2:43  Zergling x2  
  32  2:45  Overlord  
  32  2:53  Drone  
  32  2:54  Drone  
  32  2:56  Baneling Nest  
  33  3:04  Drone x2  
  35  3:09  Drone x6  
  41  3:16  Overlord  
  41  3:18  Zergling x2  
  42  3:24  Evolution Chamber  
  41  3:27  Zergling x2  
  41  3:28  Drone  
  43  3:39  Zergling x2  
  43  3:40  Baneling  
  44  3:41  Drone x3  
  44  3:42  Drone x3  
  44  3:43  Drone  
  44  3:44  Queen  
  53  3:50  Zerg Missile Weapons Level 1  
  53  3:53  Drone x2  
  53  3:55  Drone  
  56  4:03  Overlord, Roach Warren  
  56  4:04  Zergling x2  
  56  4:05  Zergling x2  
  57  4:13  Extractor  
  57  4:14  Drone x2, Extractor  
  57  4:16  Overlord, Drone  
  58  4:21  Lair  
  58  4:22  Overlord  
  58  4:23  Drone  
  59  4:26  Drone x2  
  59  4:30  Drone  
  62  4:35  Drone  
  62  4:37  Drone  
  65  4:38  Drone  
  65  4:44  Drone x3  
  68  4:46  Drone  
  68  4:47  Extractor  
  68  4:48  Drone x3, Extractor  
  68  4:49  Drone  
  68  4:50  Drone  
  68  4:51  Pneumatized Carapace  
  74  4:52  Drone x2  
  74  4:53  Overlord  
  74  4:56  Extractor  
  73  5:00  Drone  
  73  5:01  Overlord, Drone  
  75  5:12  Drone x3  
  78  5:16  Overlord  
  78  5:21  Hatchery, Glial Reconstitution  
  77  5:22  Roach  
  77  5:23  Roach x5  
  77  5:27  Roach x3  
  94  5:30  Evolution Chamber, Drone x2  
  94  5:34  Overseer  
  94  5:37  Drone x2  
  94  5:38  Overlord  
  96  5:45  Roach  
  96  5:48  Roach x2  
  102  5:51  Zerg Missile Weapons Level 2  
  102  5:53  Drone  
  102  5:54  Drone  
  102  5:56  Spore Crawler  
  103  5:58  Spore Crawler  
  103  6:03  Queen x2  
  106  6:04  Queen  
  106  6:10  Overlord  
  108  6:11  Overlord  
  108  6:12  Overlord  
  108  6:13  Baneling x4  
  108  6:18  Zerg Ground Armor Level 1  
  108  6:20  Overlord  
  108  6:24  Spore Crawler  
  105  6:29  Infestation Pit  
  105  6:31  Drone x2  
  106  6:38  Ravager  
  106  6:39  Ravager, Roach x3  
  116  6:40  Roach, Queen  
  116  6:41  Drone, Queen  
  116  6:44  Roach x2  
  116  6:47  Drone x2  
  127  6:49  Spore Crawler  
  127  6:50  Overlord  
  127  6:53  Roach x2  
  129  6:55  Overlord  
  129  6:57  Drone x2  
  122  7:04  Roach x4  
  122  7:05  Queen  
  131  7:10  Infestor x2  
  131  7:15  Spore Crawler  
  134  7:18  Infestor x3  
  134  7:22  Drone x3  
  141  7:23  Spore Crawler  
  141  7:24  Drone x2  
  141  7:25  Overseer  
  141  7:27  Overlord  
  142  7:30  Overlord  
  142  7:36  Spore Crawler  
  142  7:37  Overlord  
  142  7:40  Hive  
  142  7:43  Spore Crawler  
  139  7:46  Spore Crawler  
  139  7:48  Overlord  
  139  7:50  Roach x5  
  149  7:51  Drone x2  
  149  7:53  Queen  
  149  7:57  Roach x2  
  155  8:01  Overlord  
  155  8:04  Overlord  
  155  8:07  Spore Crawler  
  155  8:10  Roach  
  155  8:11  Drone x2  
  155  8:12  Spore Crawler  
  155  8:15  Roach x2  
  155  8:17  Drone  
  155  8:18  Overlord  
  155  8:19  Overlord  
  160  8:22  Spore Crawler  
  160  8:24  Spore Crawler  
  158  8:27  Overlord, Hydralisk Den  
  158  8:28  Drone, Ravager  
  158  8:32  Overseer  
  158  8:33  Zerg Ground Armor Level 2  
  160  8:37  Drone x3  
  160  8:38  Drone x2  
  160  8:39  Extractor  
  160  8:40  Drone  
  165  8:41  Extractor  
  165  8:46  Infestor  
  164  8:54  Drone x7  
  168  8:58  Viper x3  
  168  9:01  Drone x2  
  168  9:02  Drone  
  163  9:03  Drone  
  164  9:16  Hydralisk x2, Muscular Augments  
  168  9:18  Hydralisk  
  168  9:23  Overlord x2  
  168  9:24  Hatchery  
  169  9:28  Drone x2  
  169  9:29  Drone x3  
  163  9:33  Overlord  
  163  9:43  Extractor  
  158  9:48  Hydralisk x5  
  168  9:58  Lurker Den  
  167  10:01  Drone x5  
  166  10:08  Hydralisk x2  
  166  10:12  Overlord  
  162  10:18  Spore Crawler x2, Drone  
  162  10:19  Drone x2  
  163  10:22  Hydralisk x3  
  163  10:27  Overlord  
  169  10:29  Hydralisk  
  169  10:42  Drone x7  
  165  10:44  Queen  
  165  10:47  Hydralisk x3  
  153  10:51  Drone x3  
  153  10:54  Hydralisk  
  141  10:59  Hydralisk  
  141  11:02  Drone x2  
  145  11:04  Drone  
  142  11:25  Drone x6  
  142  11:29  Hydralisk x2  
  142  11:30  Hydralisk x2  
  150  11:33  Drone x3  
  150  11:39  Adaptive Talons  
  153  11:41  Lurker x2  
  153  11:42  Drone  
  153  11:45  Drone x2  
  153  11:50  Extractor  
  153  11:51  Lurker  
  153  11:53  Drone x2  
  155  12:00  Drone x7  
  153  12:05  Lurker  
  148  12:09  Drone x3  
  148  12:11  Extractor  
  150  12:16  Lurker  
  150  12:22  Hatchery  
  150  12:23  Lurker  
  150  12:28  Drone x3  
  146  12:39  Hydralisk x2  
  146  12:40  Spore Crawler  
  146  12:43  Spore Crawler  
  148  12:46  Drone  
  148  12:47  Drone x3  
  152  12:55  Spore Crawler, Lurker x2  
  152  12:56  Drone x4  
  152  12:57  Drone  
  152  12:58  Spore Crawler  
  157  13:02  Drone x3  
  157  13:03  Drone  
  159  13:07  Spore Crawler  
  159  13:10  Overseer  
  154  13:23  Viper, Hydralisk x3  
  163  13:29  Drone x3  
  163  13:30  Drone  
  163  13:32  Spore Crawler  
  166  13:35  Drone x2  
  166  13:39  Lurker x2  
  166  13:40  Queen  
  172  13:44  Overlord  
  172  13:47  Drone  
  172  13:48  Drone x2  
  175  13:49  Hydralisk x2  
  175  13:53  Extractor  
  178  13:55  Overlord  
  178  13:58  Lurker x2  
  180  14:04  Burrow  
  180  14:08  Spore Crawler  
  179  14:10  Spore Crawler  
  179  14:11  Lurker  
  179  14:19  Overlord  
  179  14:21  Drone x2, Hydralisk Den  
  180  14:25  Zerg Missile Weapons Level 3  
  180  14:27  Hatchery  
  179  14:32  Lurker  
  179  14:33  Spore Crawler x2  
  179  14:37  Lurker  
  179  14:41  Drone x3  
  179  14:42  Extractor  
  179  14:44  Lurker  
  182  14:46  Drone x2  
  184  14:53  Hydralisk x2  
  184  14:54  Hydralisk x2  
  192  15:01  Drone x2  
  191  15:09  Grooved Spines  
  188  15:17  Hydralisk x7  
  167  15:21  Hydralisk  
  167  15:28  Hydralisk x3  
  169  15:34  Extractor  
  169  15:35  Queen  
  174  15:37  Extractor  
  174  15:38  Lurker x2  
  174  15:40  Spore Crawler x2  
  174  15:42  Drone x5  
  180  15:51  Spore Crawler x2, Hydralisk x5  
  180  15:56  Overlord  
  188  16:05  Hydralisk x2  
  188  16:09  Lurker x2  
  194  16:11  Drone  
  194  16:12  Drone x3  
  194  16:16  Roach  
  194  16:26  Drone x3  
  194  16:29  Spore Crawler  
  196  16:37  Roach x2  
  200  16:58  Spore Crawler, Hydralisk x8  
  200  17:01  Roach x5  
  193  17:15  Roach  
  193  17:16  Roach x3  
  193  17:19  Hydralisk  
  199  17:24  Lurker  
  199  17:27  Overseer x3  
  200  17:33  Spore Crawler x2  
  198  17:40  Spine Crawler  
  198  17:41  Spine Crawler  
  196  17:44  Lurker x3  
  197  17:53  Roach  
  172  18:20  Hydralisk x14  
  172  18:21  Hydralisk  
  172  18:23  Roach x13  
  172  18:24  Roach  
  172  18:25  Roach x3  
  189  18:32  Queen  
  189  18:33  Roach  
  180  18:37  Lurker x2  
  180  18:38  Hydralisk x3  
  184  18:41  Roach  
  184  18:42  Queen  
  184  18:45  Extractor  
  184  18:48  Roach x3  
  189  18:55  Hydralisk x2  
  189  19:02  Hydralisk x2  
  189  19:03  Hydralisk  
  195  19:12  Lurker  
  196  19:19  Hydralisk x2  
  200  19:25  Hatchery  
  200  19:26  Roach x6  
  200  19:28  Lurker  
  200  19:38  Roach x10  
  175  19:42  Lurker  
  170  19:47  Hydralisk x2, Lurker x2  
  170  19:49  Hydralisk  
  170  19:51  Roach  
  176  19:54  Roach x2  
  176  19:58  Drone x3  
  176  19:59  Roach  
  185  20:01  Lurker  
  185  20:06  Lurker  
  187  20:09  Extractor  
  187  20:11  Extractor  
  181  20:15  Drone x2  
  181  20:17  Lurker x3  
  181  20:19  Hydralisk  
  187  20:34  Roach x10  
  199  20:47  Lurker  
  200  20:57  Spine Crawler x2  
  200  20:59  Lurker x2  
  200  21:06  Roach  
  200  21:07  Spine Crawler  
  199  21:28  Lurker  
  199  21:31  Spine Crawler  
  199  21:32  Spine Crawler  
  196  21:40  Hydralisk x3  
  196  21:41  Drone x2  
  196  21:42  Hydralisk x9, Drone, Queen  
  199  22:02  Hydralisk x2  
  194  22:11  Hydralisk x4  
  194  22:12  Hydralisk  
  196  22:16  Roach x2  
  183  22:23  Lurker x3  
  183  22:25  Lurker x2  
  183  22:26  Roach  
  183  22:29  Hatchery, Lurker  
  190  22:34  Hydralisk x2  
  190  22:50  Hydralisk x3  
  193  23:17  Hydralisk x3  
  196  23:33  Lurker x5  
  184  23:35  Drone x9  
  186  23:55  Lurker x3  
  185  23:56  Lurker  
  178  24:30  Hydralisk x2, Drone  
  159  25:33  Hydralisk  
  159  25:34  Hydralisk x6  
  173  25:40  Hydralisk x4  
  173  25:52  Spore Crawler  
  146  26:45  Hatchery  
Show
View Real Time Build Order
Export as new Build Order

Serral Zerg 

Build Orders: Hatch First, Muta Ling Bane 

Get SALT Encoding   

  12  0:00  Drone  
  13  0:12  Overlord  
  13  0:16  Drone  
  14  0:31  Drone x2  
  16  0:47  Hatchery  
  15  0:50  Drone  
  15  0:54  Drone  
  17  0:57  Drone  
  18  1:08  Extractor  
  17  1:13  Spawning Pool  
  17  1:16  Drone  
  17  1:20  Drone  
  18  1:28  Drone  
  19  1:39  Drone  
  20  1:49  Drone  
  21  1:59  Queen  
  21  2:00  Overlord, Queen  
  21  2:01  Zergling x2  
  26  2:12  Drone, Metabolic Boost  
  26  2:13  Drone  
  28  2:22  Drone x2  
  30  2:34  Hatchery  
  30  2:35  Drone  
  30  2:38  Drone  
  30  2:42  Drone  
  32  2:46  Baneling Nest  
  32  2:49  Overlord  
  31  2:53  Drone  
  31  2:54  Drone  
  33  3:04  Drone x2  
  35  3:07  Zergling x6  
  35  3:09  Zergling x2  
  35  3:11  Drone  
  40  3:14  Overlord  
  40  3:17  Drone  
  41  3:20  Drone  
  41  3:24  Queen  
  44  3:29  Evolution Chamber  
  44  3:30  Zergling x2  
  44  3:33  Drone  
  45  3:39  Drone x4  
  49  3:46  Drone, Lair  
  49  3:48  Drone  
  51  3:50  Drone  
  51  3:55  Baneling  
  51  3:57  Overlord, Drone  
  51  3:58  Drone  
  51  4:01  Drone  
  51  4:02  Extractor x2  
  52  4:03  Drone  
  53  4:11  Roach Warren  
  53  4:13  Drone x2  
  53  4:15  Drone  
  55  4:18  Drone x2  
  55  4:20  Drone  
  55  4:22  Drone  
  59  4:25  Overlord  
  59  4:27  Baneling  
  59  4:31  Zergling x4  
  59  4:33  Drone x3  
  64  4:39  Overlord  
  64  4:40  Drone x2  
  64  4:41  Drone, Extractor  
  64  4:43  Overlord  
  64  4:45  Drone  
  67  4:50  Drone, Spire  
  67  4:51  Drone x2  
  69  4:55  Drone x2, Extractor  
  69  4:57  Extractor  
  69  4:58  Zerg Melee Weapons Level 1  
  69  5:01  Drone x2  
  69  5:02  Drone  
  69  5:04  Drone x2  
  73  5:09  Drone x2  
  75  5:15  Drone  
  75  5:19  Drone x2  
  78  5:21  Drone  
  78  5:23  Hatchery  
  78  5:29  Zergling x8  
  78  5:32  Hatchery  
  82  5:35  Overlord  
  82  5:36  Baneling  
  82  5:37  Baneling  
  82  5:40  Zergling x6  
  82  5:41  Zergling x2  
  86  5:46  Overlord x3  
  86  6:01  Overlord  
  86  6:02  Overlord, Mutalisk x6  
  98  6:08  Mutalisk x3  
  104  6:13  Zerg Flyer Weapons Level 1  
  104  6:14  Drone x2  
  106  6:20  Mutalisk  
  106  6:24  Extractor  
  106  6:27  Extractor  
  106  6:29  Mutalisk, Drone x7  
  106  6:30  Mutalisk, Drone  
  116  6:38  Drone  
  114  6:40  Mutalisk  
  114  6:43  Zergling x8  
  114  6:45  Queen  
  114  6:46  Overlord  
  121  6:49  Mutalisk x2  
  120  7:02  Drone x4  
  120  7:04  Drone  
  120  7:06  Drone x3  
  120  7:07  Mutalisk  
  126  7:09  Overlord  
  126  7:15  Mutalisk x3  
  125  7:18  Zerg Melee Weapons Level 2  
  125  7:20  Hatchery  
  131  7:22  Drone  
  131  7:25  Overseer  
  131  7:27  Centrifical Hooks  
  131  7:34  Mutalisk  
  131  7:36  Zergling x2  
  131  7:37  Zergling x18  
  139  7:42  Mutalisk x2  
  144  7:46  Zergling x4  
  146  7:52  Mutalisk x2  
  150  7:59  Zergling x20  
  150  8:04  Overlord x2  
  160  8:06  Baneling x9  
  160  8:15  Baneling x8  
  160  8:18  Overseer  
  160  8:20  Overlord x2  
  160  8:22  Baneling x6  
  160  8:23  Extractor  
  157  8:27  Baneling x7  
  157  8:28  Extractor  
  156  8:36  Mutalisk x2  
  156  8:38  Zergling x14  
  156  8:39  Zergling x10  
  169  8:55  Mutalisk x2, Baneling x9  
  157  8:58  Zergling x20  
  165  9:06  Drone x3  
  168  9:11  Baneling x8  
  168  9:13  Zerg Flyer Weapons Level 2  
  168  9:15  Zergling x8  
  165  9:32  Baneling x9  
  165  9:34  Mutalisk x2  
  167  9:42  Zergling x22  
  174  9:52  Infestation Pit  
  171  9:53  Mutalisk x4  
  171  9:59  Baneling x7  
  169  10:07  Zergling x2  
  169  10:08  Zergling x24  
  169  10:17  Baneling x7  
  169  10:18  Baneling x2  
  169  10:19  Drone x3  
  169  10:20  Drone  
  172  10:23  Baneling x9  
  172  10:29  Mutalisk x3  
  174  10:48  Mutalisk, Hive  
  174  10:49  Mutalisk  
  174  10:52  Zergling x20  
  176  10:58  Baneling  
  176  10:59  Baneling x11  
  176  11:03  Zerg Ground Armor Level 1  
  176  11:04  Overlord  
  176  11:05  Overseer  
  176  11:08  Baneling x5  
  176  11:22  Zergling x22  
  181  11:27  Baneling x4  
  181  11:28  Baneling x12  
  181  11:32  Pneumatized Carapace  
  179  11:36  Zerg Flyer Armor Level 1  
  179  11:40  Zergling x14  
  186  11:48  Baneling  
  186  11:49  Baneling x7  
  186  11:55  Zergling x18  
  186  12:06  Baneling x11  
  181  12:16  Zergling x18  
  181  12:18  Adrenal Glands  
  181  12:19  Ultralisk Cavern  
  181  12:22  Overlord  
  188  12:32  Overseer  
  182  12:52  Hatchery  
  182  12:53  Zergling x14  
  182  12:57  Zerg Melee Weapons Level 3  
  183  13:05  Chitinous Plating  
  183  13:09  Evolution Chamber  
  160  13:29  Overseer  
  160  13:33  Overlord  
  160  13:34  Overlord x2  
  160  13:35  Overseer  
  155  13:42  Drone x3  
  158  13:52  Hydralisk Den  
  157  13:58  Ultralisk x7  
  157  14:00  Drone  
  200  14:03  Baneling x13  
  200  14:08  Zerg Ground Armor Level 2  
  200  14:11  Hatchery  
  200  14:15  Drone  
  200  14:19  Overlord  
  191  14:24  Anabolic Synthesis  
  191  14:30  Muscular Augments, Lurker Den  
  191  14:31  Drone x2  
  192  14:33  Baneling x12  
  192  14:51  Ultralisk  
  192  14:52  Baneling x5  
  198  14:53  Baneling x2  
  155  15:21  Ultralisk  
  155  15:22  Ultralisk x3, Zergling x18  
  155  15:23  Zergling x16  
  155  15:24  Zergling x2  
  155  15:25  Drone  
  196  15:38  Zerg Missile Weapons Level 1, Drone  
  196  15:41  Overseer x3, Grooved Spines  
  196  15:42  Overseer  
  195  15:44  Baneling x19  
  195  15:54  Nydus Network  
  195  15:56  Baneling x2  
  195  15:57  Baneling x5  
  194  16:07  Ultralisk  
  200  16:15  Baneling x2  
  187  16:28  Zergling x4  
  187  16:29  Zergling x22  
  199  16:47  Nydus Canal  
  199  16:53  Zergling x8  
  199  17:00  Zergling x10  
  194  17:05  Nydus Canal  
  194  17:06  Zergling x2  
  194  17:07  Overlord x2, Zergling x6  
  186  17:09  Overlord  
  166  17:25  Ultralisk, Zergling x2  
  166  17:26  Zergling x16  
  166  17:27  Baneling x18  
  166  17:29  Baneling x4  
  187  17:30  Nydus Canal  
  187  17:33  Overlord x4  
  187  17:34  Overlord, Overseer x4  
  187  17:38  Zergling x24  
  187  17:40  Baneling x4  
  187  17:57  Zergling x28  
  200  18:03  Hatchery  
  197  18:06  Baneling x4  
  197  18:07  Baneling x2  
  197  18:10  Zergling x6  
  197  18:11  Zergling x2  
  166  18:23  Ultralisk, Zergling x2  
  166  18:24  Ultralisk x2, Zergling x20  
  160  18:29  Zergling x4  
  160  18:30  Zergling x8  
  160  18:34  Overseer  
  163  18:54  Overseer  
  163  18:55  Overlord x2  
  159  18:56  Overseer x2  
  152  19:07  Ultralisk x2  
  158  19:10  Baneling x13  
  158  19:11  Baneling  
  158  19:20  Hatchery  
  158  19:21  Zergling x20  
  162  19:31  Zergling x16  
  139  19:40  Overseer x2  
  139  19:42  Zergling x16  
  139  19:44  Baneling x4  
  140  19:49  Baneling x3  
  140  19:50  Baneling x4  
  136  19:59  Zergling x12  
  138  20:07  Baneling x5  
  130  20:25  Ultralisk  
  126  20:36  Hatchery  
  126  20:41  Drone  
  126  20:45  Viper  
  126  20:46  Viper x2  
  126  20:49  Overseer  
  135  20:53  Drone x3  
  135  20:55  Ultralisk  
  143  21:20  Drone x3, Extractor x2  
  143  21:21  Drone x3  
  143  21:22  Ultralisk  
  143  21:23  Ultralisk  
  158  21:29  Hatchery  
  158  21:31  Baneling x8  
  156  21:37  Zerg Ground Armor Level 3  
  150  21:43  Zergling x16  
  150  21:50  Zergling x6  
  149  22:15  Ultralisk, Zergling x20  
  161  22:17  Hatchery  
  153  22:25  Burrow  
  152  22:42  Overseer  
  152  22:43  Overseer x2  
  143  22:52  Zergling x14  
  148  23:03  Hatchery  
  145  23:13  Zergling x18  
  151  23:31  Hatchery  
  151  23:34  Ultralisk  
  155  23:45  Overlord x3  
  136  24:02  Zergling x16  
  138  24:21  Drone  
  133  24:31  Zergling x14  
  137  24:56  Zergling x10  
  142  25:00  Drone x2  
  128  25:18  Ultralisk x2  
  109  25:43  Drone x3  
  109  25:44  Ultralisk, Zergling x8  
  121  25:50  Zergling x2  
  121  25:52  Ultralisk x8  
  121  25:56  Zergling x2  
  123  26:06  Zergling x4  
  115  26:15  Drone x27  
  115  26:26  Drone x3  
  115  26:30  Hatchery, Extractor  
  115  26:31  Extractor  
Tags
 
Add a new tag
Caveats
  • Supply blocks, unpowered buildings, or Contaminate may cause inaccurate times.
  • Supply counts are checked every 10 seconds.